AoeStats
← Lord Housed von Idleton

Arena

510143022Analyzed
4v4 RM · 3d ago on Sep 29, 2026· 41m 29s· 8 players
Game mode
Random Map
Map size
Large (8 player)
Population
200
Speed
Normal
Resources
Standard
Victory
Conquest
Starting age
Dark Age
Ending age
Imperial Age
RankedLock teamsTeams togetherTeam positionsShared explorationLock speedFull tech treeHidden civsTurbo modeCheats
Victory
Defeat
🇩🇪 Mongols · Germany
1108
+13
🇩🇪 Poles · Germany
1095
+13
🇨🇿 Khmer · Czechia
1090
+14
🇪🇸 Spanish · Spain
1081
+14
🇩🇪 Hindustanis · Germany
1100
-16
🇩🇪 Khmer · Germany
1066
-15
🇩🇪 Aztecs · Germany
1060
-14
🇩🇪 Japanese · Germany
929
-9
lalooaloonso
10:52 Feudal Age
12:13 Gold Mining
14:12 Loom
17:30 Castle Age
16:05 Double-Bit Axe
19:03 Padded Archer Armor
25:08 Leather Archer Armor
25:29 Ballistics
26:50 Horse Collar
30:00 Wheelbarrow
32:19 Imperial Age
32:02 Bloodlines
31:53 Husbandry
32:01 Scale Barding Armor
32:07 Forging
33:55 Ring Archer Armor
33:48 Chain Barding Armor
34:33 Chemistry
33:30 Murder Holes
34:06 Conscription
34:40 Iron Casting
34:28 Onager
35:09 Cavalier
36:27 Plate Barding Armor
36:53 Blast Furnace
37:05 Fletching
37:28 Gold Mining
39:38 Paladin
Baumewok
10:13 Feudal Age
12:04 Double-Bit Axe
14:37 Castle Age
12:37 Horse Collar
17:06 Bow Saw
26:02 Heavy Plow
27:07 Wheelbarrow
29:31 Imperial Age
27:20 Scale Barding Armor
27:32 Town Watch
27:32 Loom
27:46 Fletching
27:58 Padded Archer Armor
29:42 Husbandry
29:54 Bloodlines
30:37 Conscription
30:23 Bodkin Arrow
31:32 Chemistry
30:50 Leather Archer Armor
30:11 Light Cavalry
31:24 Chain Barding Armor
31:14 Forging
31:09 Bracer
31:32 Ballistics
31:17 Gold Mining
31:21 Stone Mining
31:56 Nomads
32:10 Hussar
34:08 Iron Casting
33:25 Heavy Camel Rider
37:06 Blast Furnace
37:54 Gold Shaft Mining
37:57 Stone Shaft Mining
39:31 Hoardings
38:39 Elite Mangudai
40:09 Thumb Ring
40:35 Parthian Tactics
41:33 Caravan
Haitatchi
11:16 Feudal Age
9:34 Loom
10:03 Loom
15:34 Castle Age
14:39 Horse Collar
16:14 Heavy Plow
23:18 Double-Bit Axe
23:30 Stone Mining
23:32 Gold Mining
25:10 Stone Shaft Mining
24:10 Man-at-Arms
25:29 Scale Barding Armor
25:34 Forging
27:03 Wheelbarrow
26:13 Town Watch
26:59 Husbandry
27:09 Bloodlines
26:20 Light Cavalry
26:31 Long Swordsman
28:50 Squires
28:36 Arson
29:36 Hand Cart
30:13 Bow Saw
32:51 Imperial Age
30:22 Town Patrol
31:23 Iron Casting
34:14 Chain Barding Armor
34:54 Blast Furnace
34:27 Crop Rotation
34:03 Scale Mail Armor
33:58 Winged Hussar
34:58 Cavalier
37:09 Conscription
38:17 Lechitic Legacy
39:00 Szlachta Privileges
moregadženo
11:10 Feudal Age
12:37 Double-Bit Axe
16:51 Castle Age
15:50 Horse Collar
16:27 Gold Mining
20:10 Bow Saw
22:36 Wheelbarrow
22:58 Heavy Plow
23:41 Stone Mining
24:51 Gold Shaft Mining
24:34 Loom
26:07 Hand Cart
26:05 Town Watch
30:14 Imperial Age
28:39 Town Patrol
29:09 Ballistics
28:53 Fletching
29:04 Padded Archer Armor
29:52 Stone Shaft Mining
29:52 Husbandry
30:03 Bloodlines
31:06 Bodkin Arrow
32:16 Chemistry
31:34 Leather Archer Armor
31:57 Conscription
31:36 Heavy Scorpion
32:51 Double Crossbow
33:03 Bracer
37:40 Scale Barding Armor
37:45 Forging
37:16 Light Cavalry
38:31 Ring Archer Armor
38:16 Hussar
40:38 Iron Casting
40:24 Chain Barding Armor
40:34 Elite Ballista Elephant
Lord Housed von Idleton
10:44 Feudal Age
11:24 Feudal Age
14:14 Castle Age
12:28 Double-Bit Axe
12:31 Horse Collar
16:46 Bow Saw
18:00 Loom
22:20 Wheelbarrow
25:02 Hand Cart
28:33 Imperial Age
28:25 Gold Mining
28:26 Stone Mining
29:58 Elite Ballista Elephant
31:23 Elite Skirmisher
32:30 Light Cavalry
34:05 Ballistics
34:28 Fletching
34:45 Scale Barding Armor
34:50 Forging
34:25 Hussar
35:16 Bloodlines
34:50 Onager
36:21 Chain Barding Armor
37:35 Husbandry
38:12 Plate Barding Armor
37:48 Forging
37:33 Bodkin Arrow
buschdl
12:16 Feudal Age
10:31 Loom
17:11 Castle Age
17:56 Wheelbarrow
17:10 Town Watch
18:04 Double-Bit Axe
18:33 Horse Collar
21:15 Pikeman
22:50 Bow Saw
24:38 Heavy Plow
25:04 Hand Cart
28:34 Town Patrol
30:37 Fletching
31:13 Ballistics
33:33 Imperial Age
31:04 Crossbowman
32:50 Padded Archer Armor
33:34 Bodkin Arrow
33:55 Leather Archer Armor
34:20 Thumb Ring
35:07 Forging
36:30 Chemistry
37:06 Gold Mining
37:06 Stone Mining
37:36 Arbalester
39:05 Squires
39:35 Bracer
subaktiv
10:52 Feudal Age
12:05 Loom
14:47 Castle Age
13:37 Double-Bit Axe
13:37 Horse Collar
16:21 Heavy Plow
16:42 Bow Saw
20:52 Town Watch
21:45 Wheelbarrow
23:01 Stone Mining
23:02 Gold Mining
23:57 Hand Cart
28:57 Imperial Age
26:47 Scale Mail Armor
26:54 Scale Barding Armor
27:01 Forging
27:29 Bloodlines
27:20 Husbandry
26:41 Light Cavalry
29:06 Chain Barding Armor
29:22 Iron Casting
29:29 Fletching
29:40 Padded Archer Armor
30:31 Plate Barding Armor
29:18 Heavy Camel Rider
31:29 Blast Furnace
31:11 Gold Shaft Mining
31:12 Stone Shaft Mining
30:47 Bodkin Arrow
31:31 Leather Archer Armor
31:24 Thumb Ring
30:45 Elite Skirmisher
32:03 Ballistics
33:28 Bracer
34:31 Chemistry
34:29 Ring Archer Armor
36:41 Imperial Camel Rider
Skirmblaster
10:46 Feudal Age
15:48 Castle Age
14:07 Loom
14:41 Double-Bit Axe
15:10 Scale Mail Armor
16:52 Forging
19:01 Fervor
23:16 Sanctity
23:20 Bow Saw
22:52 Horse Collar
24:45 Gold Mining
24:46 Stone Mining
27:24 Fletching
27:35 Padded Archer Armor
27:08 Elite Skirmisher
28:30 Heavy Plow
29:14 Bodkin Arrow
31:11 Leather Archer Armor
31:18 Squires
31:05 Arson
32:30 Iron Casting
35:46 Imperial Age
33:10 Town Watch
34:25 Chain Mail Armor
34:43 Ballistics
35:13 Atlatl
38:10 Town Patrol
38:46 Wheelbarrow
39:58 Treadmill Crane
Connection lost

Rejoining the realm…

Still unreachable

The connection could not be restored.

Session expired

The server has moved on; the page needs a fresh start.